[Event "Austrian Championship 2022"]
[Site "Vienna"]
[Date "2022.08.17"]
[Round "7.23"]
[White "Sucher, Johannes"]
[Black "Teuschler, Barbara"]
[Result "0-1"]
[ECO "D20"]
[WhiteElo "2164"]
[BlackElo "2097"]
[Annotator "NA RC"]
[PlyCount "62"]
[EventDate "2022.08.12"]
[EventType "swiss"]
[EventCountry "AUT"]
[SourceTitle "playchess.com"]
[Source "ChessBase"]
[SourceQuality "1"]
[TimeControl "40/5400+30:1800+30"]

1. d4 d5 2. c4 dxc4 3. e4 e5 4. Nf3 exd4 5. Bxc4 Nc6 6. O-O Be6 7. Bb5 Bc5 8. b4 Bb6 9. a4 a6 10. Bxc6+ bxc6 11. a5 Ba7 12. Qd3 Ne7 13. Rd1 Bg4 14. Qxa6 O-O 15. Qc4 Qd6 16. Ba3 Bxf3 17. gxf3 Rfe8 18. Nd2 Ng6 19. Kh1 Qf6 20. Bb2 Ne5 21. Qb3 Qf4 22. Ra3 Re6 23. Bc1 d3 24. Rg1 Bxf2 25. Rg2 Be3 26. Qd1 Rg6 27. Rxg6 hxg6 28. Rc3 g5 29. Nc4 Nxf3 30. Kg2 Qg4+ 31. Kh1 Qh3 0-1

[Event "Austrian Championship 2022"]
[Site "Vienna"]
[Date "2022.08.17"]
[Round "7.24"]
[White "Balint, Peter"]
[Black "Oberhuber, Alexander"]
[Result "1-0"]
[ECO "B38"]
[WhiteElo "2051"]
[BlackElo "2062"]
[Annotator "NA RC"]
[PlyCount "41"]
[EventDate "2022.08.12"]
[EventType "swiss"]
[EventCountry "AUT"]
[SourceTitle "playchess.com"]
[Source "ChessBase"]
[SourceQuality "1"]
[TimeControl "40/5400+30:1800+30"]

1. e4 c5 2. Nf3 g6 3. d4 cxd4 4. Nxd4 Bg7 5. c4 Nc6 6. Be3 Nf6 7. Nc3 O-O 8. Be2 d6 9. O-O a5 10. Nc2 a4 11. Na3 Be6 12. f3 Qa5 13. Nd5 Nd7 14. Rb1 f5 15. Nb5 Rac8 16. c5 dxc5 17. Nf4 Bxa2 18. Qxd7 Nd4 19. Bxd4 Rfd8 20. Qxe7 cxd4 21. Ne6 1-0

[Event "Austrian Championship 2022"]
[Site "Vienna"]
[Date "2022.08.18"]
[Round "8.1"]
[White "Diermair, Andreas"]
[Black "Blohberger, Felix"]
[Result "1/2-1/2"]
[ECO "D19"]
[WhiteElo "2452"]
[BlackElo "2492"]
[Annotator "TA"]
[PlyCount "43"]
[EventDate "2022.08.12"]
[EventType "swiss"]
[EventCountry "AUT"]
[SourceTitle "playchess.com"]
[Source "ChessBase"]
[SourceQuality "1"]
[TimeControl "40/5400+30:1800+30"]

1. d4 d5 2. c4 c6 3. Nc3 Nf6 4. Nf3 dxc4 5. a4 Bf5 6. Nh4 Bc8 7. Nf3 Bf5 8. Nh4 Bc8 9. e3 Bg4 10. Nf3 e6 11. h3 Bxf3 12. Qxf3 Bb4 13. Bxc4 Qa5 14. Bd2 O-O 15. O-O Nbd7 16. Rfd1 {[%emt 0:09:18] The position is equal.} Rad8 {[%emt 0:03:20] D19: Slav Defence: 5 a4 Bf5 6 e3: Main line with 9 Qe2.} 17. Bb3 e5 18. Rac1 {[%emt 0:16:03] [#] A rather calm draw.  Weighted Error Value: White=0.00 (flawless) /Black=0.00 (flawless)} {Predecessor:} Rfe8 $146 19. Be1 exd4 20. exd4 Nb6 21. Rd3 Rd7 22. Rcd1 {½-½ (19) Butnorius,A (2402)-Beinoras,M (2254) Siauliai 2007} 1/2-1/2

[Event "Austrian Championship 2022"]
[Site "Vienna"]
[Date "2022.08.18"]
[Round "8.1"]
[White "Ernst, Robert"]
[Black "Sucher, Johannes"]
[Result "0-1"]
[ECO "B01"]
[WhiteElo "2001"]
[BlackElo "2164"]
[Annotator "NA RC"]
[PlyCount "70"]
[EventDate "2022.08.12"]
[EventType "swiss"]
[EventCountry "AUT"]
[SourceTitle "playchess.com"]
[Source "ChessBase"]
[SourceQuality "1"]
[TimeControl "40/5400+30:1800+30"]

1. e4 d5 2. exd5 Nf6 3. d4 Bg4 4. f3 Bf5 5. g4 Bg6 6. c4 e6 7. Nc3 c5 8. g5 cxd4 9. Qxd4 Nc6 10. Qd1 Nb4 11. gxf6 Nc2+ 12. Kf2 Bc5+ 13. Kg2 Qxf6 14. Nh3 Bf5 15. Ng5 Nxa1 16. Bd3 h6 17. Nce4 Qg6 18. Nxc5 hxg5 19. Bxf5 Qxf5 20. Ne4 O-O-O 21. Bxg5 f6 22. Be3 Qh3+ 23. Kf2 Nc2 24. Bxa7 f5 25. Ng3 Qh4 26. Qe2 Nd4 27. Qe5 f4 28. Qb8+ Kd7 29. dxe6+ Ke8 30. Qxb7 Nxe6 31. Qb5+ Rd7 32. Qe5 Rh6 33. Qb8+ Kf7 34. Qb5 Rxa7 35. Qf5+ Rf6 0-1

[Event "Austrian Championship 2022"]
[Site "Vienna"]
[Date "2022.08.18"]
[Round "8.2"]
[White "Menezes, Christoph"]
[Black "Leisch, Lukas"]
[Result "1/2-1/2"]
[ECO "D46"]
[WhiteElo "2417"]
[BlackElo "2404"]
[Annotator "TA"]
[PlyCount "154"]
[EventDate "2022.08.12"]
[EventType "swiss"]
[EventCountry "AUT"]
[SourceTitle "playchess.com"]
[Source "ChessBase"]
[SourceQuality "1"]
[TimeControl "40/5400+30:1800+30"]

1. d4 d5 2. c4 c6 3. Nf3 Nf6 4. Nc3 e6 5. e3 Nbd7 6. Qc2 Bd6 7. Bd3 O-O 8. O-O dxc4 9. Bxc4 b5 10. Be2 Bb7 11. e4 {[%emt 0:00:48] is the new trend.} e5 12. dxe5 {[%emt 0:00:41] D46: Semi-Slav: 5 e3 Nbd7 6 Bd3, Black avoids the Meran.} Nxe5 13. Nd4 Neg4 14. Nf5 Bxh2+ 15. Kh1 Bb8 16. Bg5 $1 Qc7 (16... Bc8 $1 $11 {remains equal.}) 17. f4 $16 {[%emt 0:06:31][%mdl 1024] White has strong compensation. Active counter play!} h5 $2 (17... h6 $16 {was worth a try.} 18. Bxf6 Nxf6) 18. e5 $18 Nh7 {[%emt 0:05:55] [#]} 19. Bh4 $146 ({Predecessor:} 19. Bxg4 hxg4 20. Ne4 c5 21. Nf6+ gxf6 22. Bxf6 Nxf6 23. exf6 Qd7 24. Nh6+ Kh8 25. Qxc5 Bxf4 26. Rad1 Bxg2+ 27. Kxg2 Qb7+ 28. Qd5 {½-½ (28) Manish,A (2354)-Shahil,D (2426) Budapest 2021}) 19... Bc8 20. Bd3 {[%emt 0:10:59] aiming for Ne7+.} Bxf5 21. Bxf5 g6 22. Bxg4 hxg4 23. Ne4 {[%emt 0:00:43] Inhibits g5. Nf6+ is the strong threat.} a6 $2 (23... Qc8 24. Rac1 a5 25. Qxc6 Qxc6 26. Rxc6 Ra7) 24. Nf6+ Kg7 $2 (24... Nxf6 25. Bxf6 Qd7) 25. Nxh7 Kxh7 26. Bf6 {[%emt 0:00:49] White threatens g3 and mate.} Rh8 27. g3 Kg8+ 28. Bxh8 Kxh8 29. Qh2+ Kg7 30. Qh4 Ba7 {[%emt 0:01:17] And now ...Rh8 would win.} 31. Qxg4 Qa5 (31... Bd4 $142 32. Rad1 c5) 32. Qe2 {[%emt 0:01:40] Threatens to win with f5.} (32. Qh4 $2 Rh8 33. Qxh8+ Kxh8 $19) 32... Bd4 33. Rad1 c5 {[%emt 0:00:21] [#]} 34. b3 $1 Qb6 35. Qe4 {[%emt 0:05:06] Against Qc6} Rh8+ 36. Kg2 Qa5 (36... Qe6 $2 37. Rh1 Rxh1 38. Rxh1) 37. Qe2 Qb6 38. Rh1 Re8 39. Qf3 Qa5 40. Qe2 (40. Rde1 $18) 40... Qd8 $2 (40... Qb6 $1 $11 41. Qf3 Qa5) 41. Rh3 f6 42. Rdh1 Qd5+ 43. Qf3 Qxf3+ 44. Kxf3 {[%emt 0:00:03] Black must now prevent Rh7+.} fxe5 {[%emt 0:00:08][%mdl 4096] Endgame KRR-KRB} 45. Rh7+ Kf6 46. Ra7 exf4 47. Kxf4 (47. Rxa6+ Kf5 48. gxf4 Re3+ 49. Kg2 Re2+ 50. Kf1 Rd2 $14) (47. gxf4 $18 Kf5 48. Rf7+ (48. Rxa6 Re3+ 49. Kg2 Re2+ 50. Kf3 Re3+ 51. Kg2 Re2+ 52. Kh3 Re3+ 53. Kh2 Re2+ 54. Kh3 Re3+ 55. Kh2 Re2+ 56. Kh3 $11) 48... Ke6 49. Rhh7) 47... Re6 {[%emt 0:01:02] [#]} (47... g5+ $16 {is a better defense.} 48. Kg4 Re4+ 49. Kh5 Re3 50. Rxa6+ Ke5) 48. Rhh7 $1 g5+ 49. Kg4 {[%emt 0:00:55] Strongly threatening Rh6+.} Kg6 {[%emt 0:00:04] Against Rh6+} (49... Ke5 {keeps fighting.} 50. Rac7 (50. Kxg5 c4 $14) 50... Ke4) 50. Rhe7 Rc6 51. Rac7 Rd6 52. Rcd7 Rc6 53. Re8 Kf6 54. Rd5 Kf7 55. Re1 {[%emt 0:01:23] Hoping for b4.} Bf6 (55... Bc3 $142 56. Rc1 Bb4) 56. Kf5 Be7 $2 (56... Rc7 57. Rd6 Be7 58. Rxa6 c4) 57. Rd7 Rf6+ 58. Kg4 Re6 59. Rxe6 Kxe6 {[%emt 0:00:04] KR-KB} 60. Ra7 c4 61. bxc4 bxc4 62. Rc7 a5 63. Rxc4 Kd5 {[%emt 0:00:15] Against Re4} 64. Rc7 Bc5 65. Rxc5+ $2 Kxc5 $11 66. Kxg5 $18 {[%emt 0:00:02] White wants to mate with g4. KPP-KP} Kb4 67. Kf4 {[%emt 0:00:13] Threatening mate with g4.} Ka3 {[%emt 0:00:07] The position is equal.} 68. g4 Kxa2 $11 {[%emt 0:00:06] KP-KP} 69. g5 a4 70. g6 a3 71. g7 Kb2 72. g8=Q {[%emt 0:00:07] Intending Qg7+ and mate.} a2 73. Qg7+ Kb1 74. Qg1+ Kb2 75. Qf2+ Kb1 76. Qe1+ Kb2 77. Qd2+ Kb1 {[%emt 0:00:53] White really could win this.  Weighted Error Value: White=0.21 (precise) /Black=0.65} 1/2-1/2

[Event "Austrian Championship 2022"]
[Site "Vienna"]
[Date "2022.08.18"]
[Round "8.2"]
[White "Jethan, Martin"]
[Black "Geroe, Leonhard"]
[Result "1-0"]
[ECO "D30"]
[WhiteElo "2103"]
[BlackElo "2017"]
[Annotator "NA RC"]
[PlyCount "67"]
[EventDate "2022.08.12"]
[EventType "swiss"]
[EventCountry "AUT"]
[SourceTitle "playchess.com"]
[Source "ChessBase"]
[SourceQuality "1"]
[TimeControl "40/5400+30:1800+30"]

1. d4 d5 2. c4 c6 3. Nf3 Nf6 4. e3 e6 5. Nbd2 Nbd7 6. b3 Bd6 7. Bb2 O-O 8. Bd3 Qe7 9. Ne5 c5 10. f4 b6 11. Qf3 Bb7 12. O-O cxd4 13. exd4 Bb4 14. Qe2 Bxd2 15. Qxd2 Ne4 16. Bxe4 dxe4 17. f5 Nxe5 18. dxe5 exf5 19. Rxf5 Rad8 20. Qf4 Qc5+ 21. Kh1 e3 22. Rg5 e2 23. Rxg7+ Kh8 24. Rg8+ Kxg8 25. Qg5+ Kh8 26. e6+ f6 27. Bxf6+ Rxf6 28. Qxf6+ Kg8 29. Qxd8+ Kg7 30. Qd7+ Kh8 31. Qe8+ Kg7 32. Qf7+ Kh6 33. Qf4+ Kh5 34. Re1 1-0

[Event "Austrian Championship 2022"]
[Site "Vienna"]
[Date "2022.08.18"]
[Round "8.3"]
[White "Horvath, Dominik"]
[Black "Kilgus, Georg"]
[Result "1-0"]
[ECO "D17"]
[WhiteElo "2488"]
[BlackElo "2386"]
[Annotator "TA"]
[PlyCount "65"]
[EventDate "2022.08.12"]
[EventType "swiss"]
[EventCountry "AUT"]
[SourceTitle "playchess.com"]
[Source "ChessBase"]
[SourceQuality "1"]
[TimeControl "40/5400+30:1800+30"]

1. d4 d5 2. c4 c6 3. Nf3 Nf6 4. Nc3 dxc4 5. a4 Bf5 6. Ne5 Nbd7 7. Nxc4 Nb6 8. Ne5 a5 9. h4 {[%emt 0:00:00] D17: Slav Defence: 5 a4 Bf5: Lines with 6 Nh4 and 6 Ne5.} e6 10. f3 {[%emt 0:00:00] Threatens to win with g4.} h6 11. e4 {[%emt 0:00:00][%cal Be2e4,Be4e5][%mdl 32] White has an edge.} Bh7 12. Be3 Nfd7 13. Nd3 Bd6 {[%emt 0:00:06] [#]} 14. Nf2 $146 ({Predecessor:} 14. Ne2 O-O 15. Qb3 Kh8 16. Nef4 Nc8 17. Rd1 Qc7 18. Kf2 b6 19. e5 Be7 20. g4 {½-½ (41) Nakamura,H (2763)-Bu,X (2712) Batumi 2018}) 14... f5 15. Qb3 Qe7 16. e5 $1 Bb4 17. Nd3 Nd5 18. Bd2 N7b6 19. Kf2 Nc7 20. f4 O-O-O (20... O-O $11 {keeps the balance.}) 21. Nxb4 $16 axb4 22. Ne2 Nbd5 23. h5 g5 24. hxg6 $1 Bxg6 25. Rh3 Kb8 26. Qc4 Na6 27. a5 c5 28. Nc1 $2 {[%emt 0:00:00][%mdl 8192] [#]} (28. Kg1 $1 $16 {stays on course.}) 28... cxd4 $2 ({Black should try} 28... Nxf4 $1 $19 29. Bxf4 Rxd4) 29. Nb3 $11 Rc8 (29... Be8 $11 {remains equal.}) 30. Qxd4 $16 Rhd8 31. Bxa6 ({Don't do} 31. Rxh6 Nc3 32. Qe3 (32. Bxc3 bxc3 33. Qe3 Qb4 $17) (32. bxc3 Rxd4 33. cxd4 Be8 $15) 32... Ne4+ 33. Kg1 Rh8 34. Rxh8 (34. Rxg6 $2 Qh4 $19) 34... Rxh8 $14) 31... Nc3 $2 (31... bxa6 $16 {might work better.} 32. Rxh6 Rg8) 32. Qb6 $18 {[%emt 0:00:00] aiming for Be3.} Ne4+ 33. Ke1 {[%emt 0:00:00] Weighted Error Value: White=0.27 (precise) /Black=0.41} 1-0

[Event "Austrian Championship 2022"]
[Site "Vienna"]
[Date "2022.08.18"]
[Round "8.3"]
[White "Oberhuber, Alexander"]
[Black "Mayrhuber, Nikola"]
[Result "0-1"]
[ECO "A13"]
[WhiteElo "2062"]
[BlackElo "2141"]
[Annotator "NA RC"]
[PlyCount "55"]
[EventDate "2022.08.12"]
[EventType "swiss"]
[EventCountry "AUT"]
[SourceTitle "playchess.com"]
[Source "ChessBase"]
[SourceQuality "1"]
[TimeControl "40/5400+30:1800+30"]

1. c4 e6 2. g3 d5 3. Bg2 d4 4. e3 c5 5. Nf3 Nf6 6. exd4 cxd4 7. O-O Nc6 8. d3 Bd6 9. Bg5 h6 10. Bxf6 Qxf6 11. a3 a5 12. Nbd2 Qe7 13. Re1 O-O 14. Nb3 Qf6 15. c5 Bc7 16. Nfd2 a4 17. Nc1 e5 18. b4 axb3 19. Ncxb3 Qg6 20. Nc4 Re8 21. Qc2 Bf5 22. Be4 Bxe4 23. dxe4 Ne7 24. Rab1 Nd5 25. Na1 Nc3 26. Rxb7 Qc6 27. Rb3 Qxc5 28. Ne3 0-1

[Event "Austrian Championship 2022"]
[Site "Vienna"]
[Date "2022.08.18"]
[Round "8.4"]
[White "Stanec, Nikolaus"]
[Black "Steindl, Johannes"]
[Result "1/2-1/2"]
[ECO "E65"]
[WhiteElo "2460"]
[BlackElo "2312"]
[Annotator "TA"]
[PlyCount "67"]
[EventDate "2022.08.12"]
[EventType "swiss"]
[EventCountry "AUT"]
[SourceTitle "playchess.com"]
[Source "ChessBase"]
[SourceQuality "1"]
[TimeControl "40/5400+30:1800+30"]

1. c4 Nf6 2. Nf3 g6 3. g3 Bg7 4. Bg2 O-O 5. Nc3 c5 6. O-O Nc6 7. d4 d6 8. dxc5 dxc5 9. Bf4 Nh5 $1 {[%emt 0:00:03][%mdl 4] outshines the older 9...Be6.} 10. Bd2 {[%emt 0:00:00] E65: King's Indian: Fianchetto: 6...c5 7 0-0 without d5 by White.} Be6 11. Qa4 Qa5 12. Qxa5 {[%emt 0:00:00] White is slightly better.} Nxa5 13. b3 Rad8 {[%emt 0:02:52][%cal Od8d2] [#] aiming for ...Rxd2!} 14. Rac1 Nc6 15. Rfd1 {[%emt 0:00:00] [#]} b6 $146 ({Predecessor:} 15... h6 16. Ne1 Rc8 17. Nd3 b6 18. Nd5 Rfd8 19. Kf1 Kf8 20. h3 g5 21. h4 gxh4 22. gxh4 {½-½ (64) Gomez Esteban,J (2490)-Herraiz Hidalgo,H (2355) Torrevieja 1997}) 16. Be1 (16. Ng5 $5 Bd7 17. Nge4 $14) 16... Bc8 17. Nb5 (17. Ng5 {keeps more tension.} Bb7 18. Nb5 a6 19. Nc3) 17... Nf6 18. Kf1 Nd7 19. Bh3 Ndb8 {[%emt 0:04:39] The position is equal.} 20. Bxc8 Rxc8 21. e3 Rfd8 22. Ke2 Kf8 23. g4 h6 24. h3 Rd7 25. Rxd7 (25. Nh4 {feels hotter.} Rcd8 26. Rxd7 Rxd7 27. f4) 25... Nxd7 26. Nd2 Nb4 27. a3 Nc6 28. f3 g5 (28... a6 $5 29. Nc3 f5 $11) 29. Bg3 Be5 30. Ne4 Bxg3 31. Nxg3 e6 32. Ne4 Ke7 33. h4 Nf6 34. Nxf6 {[%emt 0:01:56] Weighted Error Value: White=0.07 (flawless) /Black=0.08 (flawless)} 1/2-1/2

[Event "Austrian Championship 2022"]
[Site "Vienna"]
[Date "2022.08.18"]
[Round "8.4"]
[White "Hengl, Philip"]
[Black "Mayrhuber, Tobias"]
[Result "1/2-1/2"]
[ECO "C78"]
[WhiteElo "1968"]
[BlackElo "2010"]
[Annotator "NA RC"]
[PlyCount "67"]
[EventDate "2022.08.12"]
[EventType "swiss"]
[EventCountry "AUT"]
[SourceTitle "playchess.com"]
[Source "ChessBase"]
[SourceQuality "1"]
[TimeControl "40/5400+30:1800+30"]

1. e4 e5 2. Nf3 Nc6 3. Bb5 a6 4. Ba4 Nf6 5. O-O b5 6. Bb3 Bc5 7. c3 d6 8. d4 Bb6 9. h3 Bb7 10. Re1 h6 11. Nbd2 O-O 12. Nf1 Ne7 13. Ng3 Ng6 14. Bc2 Re8 15. a4 c5 16. d5 c4 17. Nf5 Rc8 18. g3 Qd7 19. Kg2 Nh7 20. Qe2 Rc7 21. Be3 Bxe3 22. Qxe3 Rc5 23. axb5 axb5 24. Ra7 Rb8 25. Rea1 Qd8 26. Nd2 Ne7 27. Nxe7+ Qxe7 28. b4 cxb3 29. Nxb3 Rc7 30. Na5 Ba8 31. Nb3 Bb7 32. Na5 Ba8 33. Nb3 Bb7 34. Na5 1/2-1/2

[Event "Austrian Championship 2022"]
[Site "Vienna"]
[Date "2022.08.18"]
[Round "8.5"]
[White "Morgunov, Marc"]
[Black "Schreiner, Peter"]
[Result "1/2-1/2"]
[ECO "C65"]
[WhiteElo "2376"]
[BlackElo "2416"]
[Annotator "TA"]
[PlyCount "96"]
[EventDate "2022.08.12"]
[EventType "swiss"]
[EventCountry "AUT"]
[SourceTitle "playchess.com"]
[Source "ChessBase"]
[SourceQuality "1"]
[TimeControl "40/5400+30:1800+30"]

1. e4 e5 2. Nf3 Nc6 3. Bb5 Nf6 4. d3 Bc5 5. c3 O-O 6. O-O d6 7. Bg5 h6 {[%emt 0:02:20] C65: Ruy Lopez: Berlin Defence (3...Nf6), unusual lines and 4 0-0 Bc5.} 8. Bh4 Bg4 9. h3 {[%emt 0:00:00] is the legacy move (9.Nbd2).} Bh5 {[%emt 0:05:56] The position is equal.} 10. g4 Bg6 11. Nbd2 Qe7 12. Re1 Nd8 13. d4 Bb6 {[%emt 0:01:59] [#]} 14. Nc4 $146 ({Predecessor:} 14. d5 c6 15. Ba4 cxd5 16. exd5 Rc8 17. Bc2 Bxc2 18. Qxc2 g5 19. Nxg5 hxg5 20. Bxg5 Bxf2+ {½-½ (32) Gallego Alcaraz,A (2502)-Doluhanova,E (2348) Caleta 2019}) 14... c6 15. Nxb6 axb6 16. Bd3 (16. Bf1 $1 $16) 16... Bh7 $14 17. Bg3 (17. d5 $5) 17... Nd7 18. Bf1 g5 (18... Ne6 $1 $11) 19. Qd2 f6 20. b4 $36 {[%emt 0:00:00][%mdl 2048] White has the initiative.} b5 21. c4 bxc4 22. Bxc4+ Kh8 23. a4 Ne6 24. a5 h5 25. d5 Nc7 (25... cxd5 $1 $11 26. Bxd5 (26. Qxd5 Bg8 $11) 26... h4) 26. dxc6 $18 ({Don't take} 26. gxh5 $6 c5 $16) 26... bxc6 27. Red1 $2 (27. Rad1 $18 hxg4 28. Nxg5 $1 (28. Qxd6 Qxd6 29. Rxd6 gxf3 $16) (28. hxg4 Ne8 $16)) 27... Ne8 $14 28. Qe3 ({Don't play} 28. gxh5 Bxe4 29. Nh2 d5 $11) (28. Bd3 $5 ) 28... hxg4 29. hxg4 Nc7 30. Qd2 Ne8 (30... Bxe4 $11 {keeps the balance.} 31. Qxd6 Qxd6 32. Rxd6 Bxf3 33. Rxd7 Nb5) 31. b5 {[%emt 0:02:31] 0x0.00236451b092dp-1022s more active pieces.} ({Better is} 31. Kg2 $16) 31... cxb5 $1 $15 32. Bd5 Ra7 (32... Ra6 $5 ) 33. Ne1 Nc5 34. f3 Nc7 35. Nc2 Nxd5 36. Qxd5 Bg8 37. Qxd6 Qxd6 38. Rxd6 {[%emt 0:00:04] And now a6 would win.} Nb3 $1 39. Rad1 {[%emt 0:01:01] Hoping for a6.} Nxa5 40. Nb4 Nc4 41. Rc6 (41. Bf2 $11 Rc7 42. Na6) 41... Ra3 $1 $17 42. Rd3 {[%emt 0:00:00] [#]} Rxd3 (42... Ra1+ $1 $17 43. Kg2 Rb1) 43. Nxd3 $15 Rd8 44. Nb4 Rd1+ 45. Kf2 {[%emt 0:00:00] [#]} (45. Kg2 $1 $15) 45... Rd6 (45... Rb1 $1 $17 46. Nd3 Nb2 47. Nxb2 Rxb2+ 48. Ke1 Kg7 49. Rc7+ Bf7) 46. Rc5 (46. Rc8 $15) 46... Rb6 (46... Rd2+ $17 47. Ke1 Rb2) 47. Ke1 (47. Ke2 $11) 47... Rb7 48. Bf2 Kg7 {[%emt 0:01:04] Quite a comeback for White.  Weighted Error Value: White=0.29 (precise) /Black=0.23 (precise)} 1/2-1/2

[Event "Austrian Championship 2022"]
[Site "Vienna"]
[Date "2022.08.18"]
[Round "8.5"]
[White "Fuchs, Patrick"]
[Black "Stadlinger, Lea"]
[Result "0-1"]
[ECO "C61"]
[WhiteElo "1990"]
[BlackElo "1723"]
[Annotator "NA RC"]
[PlyCount "76"]
[EventDate "2022.08.12"]
[EventType "swiss"]
[EventCountry "AUT"]
[SourceTitle "playchess.com"]
[Source "ChessBase"]
[SourceQuality "1"]
[TimeControl "40/5400+30:1800+30"]

1. e4 e5 2. Nf3 Nc6 3. Bb5 Nd4 4. Nxd4 exd4 5. O-O c6 6. Be2 d5 7. exd5 Qxd5 8. Re1 Be7 9. Bf3 Qd8 10. b4 Nf6 11. Qe2 Be6 12. b5 Qb6 13. a4 O-O 14. Na3 c5 15. Nc4 Qc7 16. d3 Rfe8 17. Bg5 Bxc4 18. Bxf6 Be6 19. Be5 Qd7 20. Qe4 b6 21. Qb7 Qxb7 22. Bxb7 Rad8 23. Bc7 Rd7 24. Bc6 Rxc7 25. Bxe8 Bd5 26. a5 bxa5 27. Rxa5 g6 28. Ra6 c4 29. Bc6 cxd3 30. Bxd5 dxc2 31. Rc6 d3 32. Rxc7 d2 33. Rcxe7 c1=Q 34. Bxf7+ Kf8 35. Kf1 d1=Q 36. Ba2 Qd3+ 37. Kg1 Qxe1+ 38. Rxe1 Qd2 0-1

[Event "Austrian Championship 2022"]
[Site "Vienna"]
[Date "2022.08.18"]
[Round "8.6"]
[White "Kruckenhauser, Arthur"]
[Black "Schwabeneder, Florian"]
[Result "1/2-1/2"]
[ECO "B00"]
[WhiteElo "2303"]
[BlackElo "2430"]
[Annotator "TA"]
[PlyCount "109"]
[EventDate "2022.08.12"]
[EventType "swiss"]
[EventCountry "AUT"]
[SourceTitle "playchess.com"]
[Source "ChessBase"]
[SourceQuality "1"]
[TimeControl "40/5400+30:1800+30"]

1. e4 Nc6 2. d4 d5 3. e5 Bf5 4. c3 e6 5. Be2 Nge7 {[%emt 0:09:38] [#]} 6. Na3 $146 {[%emt 0:13:56] B00: Queen's Fianchetto Defence, Nimzowitsch Defence.} (6. Nd2 $14) ({Predecessor:} 6. Nd2 f6 7. exf6 gxf6 8. Ngf3 Qd7 9. Nh4 Bg6 10. O-O Nf5 11. Nxf5 Bxf5 12. b4 Bd6 13. b5 Na5 14. Nb3 Nc4 15. a4 a6 16. bxa6 Rxa6 17. Re1 {1-0 (17) Gossmann,E (1897)-Kachibacha,J (1800) FICGS email 2020}) 6... Be4 7. f3 Bg6 8. Qb3 {[%emt 0:03:09] White is slightly better.} Rb8 9. Bg5 Qd7 10. g4 (10. Nh3 $11 {remains equal.}) 10... Nc8 ({Black should play} 10... b5 $17 {...b4 is the strong threat.} 11. Bxe7 (11. Bxb5 a6 $17) 11... Kxe7 12. Nxb5 (12. Bxb5 a6 $17) 12... Rb6) 11. Nh3 $15 Na5 12. Qd1 h6 13. Be3 Bxa3 14. bxa3 Nc4 15. Bxc4 dxc4 16. Nf4 Ne7 {[%emt 0:02:09] Inhibits d5.} (16... Nb6 {looks sharper.} 17. Kf2 Nd5 18. h4 Nxf4 19. Bxf4 h5) 17. O-O b6 18. Rf2 Rd8 19. Qe2 Nd5 20. Nxg6 fxg6 21. Bd2 Qc6 22. Rb1 a5 23. Qe4 Ne7 24. Qc2 Kd7 25. Kg2 Rdf8 26. Kg3 Rf7 27. Rbf1 Rhf8 28. h4 Kc8 29. a4 Kb7 30. Bc1 Nd5 $1 31. Bd2 Qe8 32. f4 Ne7 33. Bc1 {[%emt 0:01:19] [#]} h5 (33... Rh8 $1 $17) 34. Ba3 $1 $11 (34. Qe4+ Nd5 35. Ba3 Rh8 $17) 34... hxg4 35. Bxe7 {[%emt 0:00:39] The board is on fire. Active counter play!} Rxe7 36. Qe4+ Kb8 37. d5 (37. Rd2 $11) 37... exd5 $17 (37... Qxa4 38. d6 cxd6 39. exd6 $11) 38. Qxd5 {[%emt 0:00:07] [#]} Rd7 (38... Qxa4 $6 39. Rd2 $11) (38... g5 $1 $17 {[%cal Rg5h4] Hoping for ...gxh4+.} 39. hxg5 Rd7) 39. Qxc4 $11 g5 40. fxg5 Qxe5+ 41. Kxg4 Re8 42. Rf8 g6 43. Rxe8+ Qxe8 {[%emt 0:00:03][%mdl 4096] Endgame KQR-KQR} 44. Qf4 (44. h5 Re7 45. Rf4 Qd7+ 46. Kg3 (46. Kh4 $2 Re1 $19) 46... Qd2 $19) (44. Rf4 $11) 44... Ka7 (44... Qe6+ $15 45. Kg3 Ka7) 45. Kg3 (45. Qc4 $11) 45... Qe6 46. Rf3 Qxa2 {[%emt 0:01:17] White must now prevent ...Re7.} 47. Qe4 {[%emt 0:00:25] Against Re7. The position is equal.} Qa1 48. Qxg6 Qg1+ 49. Kf4 Qh2+ 50. Kg4 Qg2+ 51. Rg3 Qe2+ 52. Kh3 Qf1+ ({Don't play} 52... Rd2 53. Qf7 $16) 53. Kg4 Qe2+ 54. Kh3 Qf1+ ({Don't do} 54... Rd2 55. Qf7 $16) (54... Rd1 $5 55. Qc6 Qe5 $11) 55. Kg4 {[%emt 0:00:07] Weighted Error Value: White=0.19 (very precise) /Black=0.14 (very precise)} 1/2-1/2

[Event "Austrian Championship 2022"]
[Site "Vienna"]
[Date "2022.08.18"]
[Round "8.6"]
[White "Weichhart, Daniel"]
[Black "Ivanyk, Igor"]
[Result "0-1"]
[ECO "A46"]
[WhiteElo "1965"]
[BlackElo "2002"]
[Annotator "NA RC"]
[PlyCount "62"]
[EventDate "2022.08.12"]
[EventType "swiss"]
[EventCountry "AUT"]
[SourceTitle "playchess.com"]
[Source "ChessBase"]
[SourceQuality "1"]
[TimeControl "40/5400+30:1800+30"]

1. a3 Nf6 2. Nf3 e6 3. d4 a6 4. Bf4 d5 5. e3 c5 6. Nbd2 Nc6 7. dxc5 Bxc5 8. b4 Be7 9. h3 b5 10. Bd3 O-O 11. O-O Bb7 12. Qe2 Bd6 13. Bxd6 Qxd6 14. Rfd1 e5 15. e4 d4 16. Rac1 Rac8 17. Nb3 Nh5 18. c3 Nf4 19. Qe1 Qg6 20. Bf1 Nxh3+ 21. Kh2 Nf4 22. Nc5 Rc7 23. Nxb7 Rxb7 24. cxd4 Nxd4 25. Nxd4 exd4 26. Rxd4 Rb6 27. Qd1 Qg5 28. Rd6 Ne2 29. Bxe2 Qf4+ 30. Kg1 Rxd6 31. Qc2 Rd2 0-1